 Dungeon Crawl Stone Soup version 0.30.0-13-g156ef70053 (webtiles) character file.

Game seed: 5108169007966820874

25 browni3141 the Trooper (level 2, -4/27 HPs)
             Began as a Minotaur Fighter on May 17, 2023.
             Killed from afar by Terence (7 damage)
             ... with a puff of flame
             ... on level 2 of the Dungeon.
             The game lasted 00:00:20 (853 turns).

browni3141 the Trooper (Minotaur Fighter)            Turns: 853, Time: 00:00:21

Health: -4/27      AC:  7    Str: 20    XL:     2   Next: 86%
Magic:  1/1        EV:  9    Int:  5    God:
Gold:   55         SH:  4    Dex:  9    Spells: 1/1 levels left

rFire   . . .        a - +0 war axe
rCold   . . .        c - +0 buckler
rNeg    . . .        b - +0 scale mail
rPois   .            (helmet restricted)
rElec   .            (no cloak)
rCorr   .            (no gloves)
SInv    .            (no boots)
Will    .....        (no amulet) Stlth
                     (no ring)
HPRegen 0.24/turn    (no ring)
MPRegen 0.07/turn

%: no passive effects
@: no status effects
A: horns 2, retaliatory headbutt
a: no special abilities


You were on level 2 of the Dungeon.
You visited 1 branch of the dungeon, and saw 2 of its levels.

You collected 55 gold pieces.

Inventory:

Hand Weapons
 a - a +0 war axe (weapon)
Armour
 b - a +0 scale mail (worn)
 c - a +0 buckler (worn)
Scrolls
 N - 4 scrolls of noise {unknown}
 P - 2 scrolls of teleportation {unknown}
 Q - a scroll of torment {unknown}
 R - a scroll of identify {unknown}
 S - a scroll of poison {unknown}
 T - a scroll of vulnerability {unknown}
 U - a scroll of amnesia {unknown}
Potions
 M - 2 potions of might
 O - a potion of cancellation {unknown}
 V - a potion of attraction {unknown}
 W - a potion of magic {unknown}


   Skills:
 + Level 3.9 Fighting
 * Level 3.1 Axes
 + Level 3.9 Armour
 + Level 0.9 Dodging
 + Level 3.8 Shields


You had one spell level left.
You didn't know any spells.
Your spell library was empty.

Dungeon Overview and Level Annotations

Branches:
Dungeon (2/15)

Altars:

Annotations:
D:2 Terence


Innate Abilities, Weirdness & Mutations

You have a pair of horns on your head.
You reflexively headbutt those who attack you in melee.


Message History

The endoplasm quivers.
An endoplasm is nearby!
The endoplasm closely misses you.
An endoplasm is nearby!
You hit the endoplasm.
The endoplasm is almost dead.
The endoplasm freezes you.
You are frozen.
You barely miss the endoplasm.
The endoplasm is almost dead.
The endoplasm barely misses you. You furiously retaliate!
You headbutt the endoplasm.
You kill the endoplasm!
Your Axes skill increases to level 3!
No target in view!
HP restored.
T - a scroll labelled ESKEHE JEPOECSE Key pressed, stopping explore.
Found a stone staircase leading up.
No target in view!
An endoplasm comes into view.
The endoplasm quivers.
An endoplasm is nearby!
A goblin comes into view. It is wielding a +0 dagger.
The goblin shouts!
You hit the endoplasm. You headbutt the endoplasm.
You kill the endoplasm!
A rat comes into view.
There are monsters nearby!
You closely miss the goblin. The goblin hits you with a +0 dagger.
You barely miss the goblin. The goblin hits you but does no damage.
You block the goblin's attack.
There are monsters nearby!
You hit the goblin but do no damage. You barely miss the rat.
The rat completely misses you. The goblin hits you but does no damage.
You closely miss the goblin. You barely miss the rat.
The rat closely misses you. The goblin hits you with a +0 dagger.
The rat barely misses you. You block the goblin's attack.
There are monsters nearby!
You hit the goblin. Your headbutt misses the goblin.
The goblin is heavily wounded.
You closely miss the rat. The goblin hits you but does no damage.
The rat bites you.
You closely miss the goblin. Your headbutt misses the goblin.
The goblin is heavily wounded.
You hit the rat.
You kill the rat!
The goblin hits you but does no damage.
A goblin is nearby!
You hit the goblin.
You kill the goblin!
No target in view!
U - a scroll labelled ZUSSEA JEHAO No target in view!
V - a fuming clear potion No target in view!
A worm comes into view.
A worm is nearby!
A worm is nearby!
A worm is nearby!
You slash the worm!
The worm is heavily wounded.
You block the worm's attack.
You slash the worm!
You kill the worm!
No target in view!
You see here a worm corpse.
No target in view!
No target in view!
Found a stone staircase leading down.
W - a metallic white potion Terence the Incautious comes into view.
He is wielding a +0 flail and carrying a wand of flame (18).
Found an escape hatch in the ceiling.
Terence shouts!
Terence moves out of view.
Terence is nearby!
You closely miss Terence. Terence hits you but does no damage.
You barely miss Terence. Your headbutt misses Terence.
Terence barely misses you.
You hit Terence.
Terence is lightly wounded.
Terence zaps a wand.
The puff of flame misses you. Terence hits you with a +0 flail!
You hit Terence but do no damage. Your headbutt misses Terence.
Terence is lightly wounded.
Terence barely misses you.
You closely miss Terence. You headbutt Terence, but do no damage.
Terence is lightly wounded.
Terence hits you with a +0 flail! Terence hits you with a +0 flail.
You closely miss Terence.
Terence is lightly wounded.
Terence closely misses you.
You hit Terence.
Terence is moderately wounded.
Terence barely misses you.
You barely miss Terence.
Terence is moderately wounded.
Terence hits you with a +0 flail.
Terence zaps a wand.
The puff of flame hits you!
You die...

....#...##.# #.#
#...###.##.######.###
##.........##........
#.#######....>......
..# #........... .##
#...######## ##.....#
#.###.## #.# #<@# #.#
##@# #.# ... #. .....
.. ....... #########


You could see Terence.

Vanquished Creatures
  A worm (D:2)
  2 endoplasms (D:2)
  A giant cockroach (D:1)
  2 goblins
  A hobgoblin (D:1)
  2 jackals (D:1)
  3 quokkas (D:1)
  A bat (D:1)
  2 frilled lizards (D:1)
  2 kobolds (D:1)
  4 rats
21 creatures vanquished.

Notes
Turn   | Place    | Note
-------+----------+-------------------------------------------
     0 | D:1      | browni3141 the Minotaur Fighter began the quest for the
                  | Orb.
     0 | D:1      | Reached XP level 1. HP: 19/19 MP: 0/0
   279 | D:1      | Reached XP level 2. HP: 23/27 MP: 1/1
   737 | D:2      | Reached skill level 3 in Axes
   842 | D:2      | Noticed Terence
   853 | D:2      | Killed from afar by Terence

Illustrated notes

Levels and vault maps discovered:
D:1:      dpeg_arrival_stone_temple_mockup, layout_basic, nrook_mini_backslash,
          grunt_decor_mini_mirrors, dreamdust_princess_bridge,
          chequers_serial_rivers_small_a, minmay_heptomino_l4
D:2:      layout_rooms, uniq_terence

Skill      XL: |  1  2 |
---------------+-------+-----
Axes           | 3 |  3.1
Fighting       | |  3.9
Armour         | |  3.9
Dodging        | |  0.9
Shields        | |  3.8

Action                     || total
---------------------------++-------
  Melee: War axe           ||    55
         Headbutt          ||     6
 Armour: Scale mail        ||    21
  Dodge: Dodged            ||    29
  Block: Buckler           ||    15
